 Dungeon Crawl Stone Soup version 0.30-a0-422-g946f4849ff (webtiles) character file.

Game seed: 11770988543879111759

912 funkygono the Firebug (level 7, -1/46 HPs)
             Began as a Demonspawn Fire Elementalist on Dec 8, 2022.
             Slain by a yak (13 damage)
             ... on level 4 of the Dungeon.
             The game lasted 00:08:15 (4979 turns).

funkygono the Firebug (DsFE)                        Turns: 4979, Time: 00:08:16

Health: -1/46      AC:  5    Str:  8    XL:     7   Next: 82%
Magic:  15/15      EV: 16    Int: 25    God:
Gold:   398        SH:  0    Dex: 13    Spells: 6/16 levels left

rFire   . . .      SeeInvis .    m - +0 whip
rCold   . . .      Faith    .    (no shield)
rNeg    . . .      Spirit   .    a - +0 robe
rPois   .          Reflect  .    (helmet restricted)
rElec   .          Harm     .    i - +1 cloak
rCorr   .          Rampage  .    p - +0 pair of gloves
Will    .....                    (no boots)
Stlth   ++........               (no amulet)
HPRegen 0.27/turn                j - +4 ring of evasion
MPRegen 0.14/turn                o - +6 ring of intelligence

@: no status effects
A: horns 1, powered by pain 1
a: no special abilities


You were on level 4 of the Dungeon.
You visited 1 branch of the dungeon, and saw 5 of its levels.
You also visited: Ossuary.

You collected 398 gold pieces.

Inventory:

Hand Weapons
 m - a +0 whip (weapon)
Armour
 a - a +0 robe (worn)
 i - a +1 cloak (worn)
 p - a +0 pair of gloves (worn)
Jewellery
 c - a +6 ring of strength
 h - a ring of flight
 j - a +4 ring of evasion (left hand)
 o - a +6 ring of intelligence (right hand)
 w - an amulet of faith
Wands
 k - a wand of digging (8)
Scrolls
 s - a scroll of blinking
 t - a scroll of identify
 x - a scroll of amnesia
 y - a scroll of vulnerability {unknown}
 z - a scroll of enchant armour
 A - a scroll of fog {unknown}
Potions
 b - 3 potions of magic
 d - 2 potions of cancellation
 e - a potion of ambrosia
 f - 4 potions of mutation
 g - 3 potions of brilliance
 l - 3 potions of curing
 n - 3 potions of haste {unknown}
 q - 4 potions of flight
 r - a potion of degeneration {unknown}
 u - 2 potions of resistance {unknown}
 v - a potion of berserk rage {unknown}


   Skills:
 + Level 0.1 Maces & Flails
 + Level 2.3 Dodging
 - Level 1.7 Stealth
 + Level 5.4 Spellcasting
 + Level 4.1 Conjurations
 + Level 5.5 Fire Magic


You had 6 spell levels left.
You knew the following spells:

 Your Spells              Type           Power      Damage    Failure   Level
a - Foxfire               Conj/Fire      100%       2x1d9     1%          1
b - Scorch                Fire           68%        2d8       1%          2
c - Kindle Blastsparks    Fire/Tloc/Air  32%        2d12      11%         3
d - Flame Wave            Conj/Fire      30%        2d9       11%         4

Your spell library contained the following spells:

 Spells                   Type           Power      Damage    Failure   Level
 Sandblast                Erth           12%        2d6       8%          1
 Sting                    Tmut/Pois      24%        1d4       8%          1
 Inner Flame              Hex/Fire       20%        N/A       8%          3
 Stone Arrow              Conj/Erth      34%        3d9       11%         3
 Blink                    Tloc           12%        N/A       12%         2
 Passwall                 Tmut/Erth      5%         N/A       12%         2
 Poisonous Vapours        Pois/Air       12%        N/A       12%         2
 Manifold Assault         Tloc           6%         N/A       61%         4
 Olgreb's Toxic Radiance  Pois           6%         N/A       61%         4
 Storm Form               Tmut/Air       3%         N/A       100%        7


Dungeon Overview and Level Annotations

Branches:
Dungeon (5/15)            Ossuary (visited)
 Temple: D:4-7

Altars:
Fedhas
Gozag

Shops:
D:1 (

Annotations:
D:3 3 runed translucent doors, lukessrichardson1's ghost, amateur DsBe; vineage's ghost, amateur OgFi


Innate Abilities, Weirdness & Mutations

You have a pair of small horns on your head.
You sometimes gain a little power by taking damage.


Message History

The yak's fire resistance burns away.
The yak barely misses you.
Unknown command.
Casting: Scorch (safe; 1% risk of failure)
Confirm with . or Enter, or press ? or * to list all spells.
Flames lash the yak.
The yak is burned terribly!
The yak is almost dead.
The yak barely misses you.
Unknown command.
Casting: Scorch (safe; 1% risk of failure)
Confirm with . or Enter, or press ? or * to list all spells.
Flames lash the yak but do no damage.
The yak misses you.
Unknown command.
Casting: Scorch (safe; 1% risk of failure)
Confirm with . or Enter, or press ? or * to list all spells.
Flames lash the yak.
The yak is burned terribly!
You kill the yak!
Your Conjurations skill increases to level 4!
Unknown command.
Your magical contamination has completely faded away.
Magic restored.
HP restored.
Done exploring.
Okay, then.
Unknown command.
You climb downwards.
The yak is no longer more vulnerable to fire.
The yak gores you! x2; The yak gores you but does no damage.
The yak barely misses you.
There is a stone staircase leading up, spattered with blood here.
The yak is no longer more vulnerable to fire.
The yak barely misses you. The yak gores you!
* * * LOW HITPOINT WARNING * * *
You climb upwards.
There is a stone staircase leading down, spattered with blood here.
Unknown command.
You see here a yak corpse.
The yak attacks as you move away! The yak gores you.
* * * LOW HITPOINT WARNING * * *
The yak attacks as you move away! The yak gores you!
You die...

...#####.# ###.###.###....##.#
...# ##.#### #...#.....#........
...# #.....# #.###.###.###...##.
...####.#...###.#...# #..[#..###.
...##.....#.)...###.###.###..# #.
...##.....#.#.#(..#.....#....# #.
...##.....#.#.#...###.###....###.
.####....##.#...?...#.#..........
.####....##.###.@Y..#.#..###.####
...##....##.# #..Y.........#.#...
....#....##.###...†..#.###.#.#.##
....#.#.#††.....###>...###.#.#.##
....#...#.#.###.###÷#......)....#
........#.#...#.##............#.#
...#..#.#.#...#.##...............
...#....#.#.....##.........##.#..
.###.####.#...####............###


You could see 2 yaks.

Vanquished Creatures
  2 yaks (D:4)
  An ice beast (D:5)
  An ogre (D:4)
  A scorpion (D:5)
  A howler monkey (D:4)
  A jelly (D:4)
  2 hounds (D:5)
  Terence (D:3)
  9 mummies
  4 adders
  A worm (D:2)
  3 dart slugs (D:1)
  5 orcs
  11 endoplasms
  4 giant cockroaches
  3 gnoll zombies (Ossuary)
  3 goblins
  7 hobgoblins
  4 jackals (D:4)
  4 kobolds
  3 quokkas
  7 ball pythons
  4 bats
  2 frilled lizards
  4 hobgoblin zombies
  A kobold zombie (Ossuary)
  2 orc zombies (Ossuary)
  4 rats (D:1)
95 creatures vanquished.

Vanquished Creatures (collateral kills)
  A foxfire (D:3)
1 creature vanquished.

Vanquished Creatures (others)
  296 foxfires
  A plant (D:3)
297 creatures vanquished.

Grand Total: 393 creatures vanquished

Notes
Turn   | Place    | Note
-------+----------+-------------------------------------------
     0 | D:1      | funkygono the Demonspawn Fire Elementalist began the quest
                  | for the Orb.
     0 | D:1      | Reached XP level 1. HP: 13/13 MP: 3/3
   281 | D:1      | Gained mutation: You have a pair of small horns on your
                  | head. [demonic ancestry]
   281 | D:1      | Reached XP level 2. HP: 19/19 MP: 1/5
   325 | D:1      | Found Peddy's Weapon Shoppe.
   390 | D:1      | Learned a level 2 spell: Scorch
   613 | D:1      | Found a faded altar of an unknown god.
   703 | D:1      | Gained mutation: You sometimes gain a little power by
                  | taking damage. [demonic ancestry]
   703 | D:1      | Reached XP level 3. HP: 24/24 MP: 1/6
   784 | D:1      | Learned a level 3 spell: Kindle Blastsparks
  2167 | D:3      | Reached XP level 4. HP: 30/30 MP: 4/7
  2257 | D:3      | Found an opulent altar of Gozag.
  2427 | D:3      | Noticed Terence
  2434 | D:3      | Killed Terence
  2699 | D:3      | Found a runed translucent gate.
  2700 | D:3      | Found a runed translucent gate.
  2700 | D:3      | Found a runed translucent gate.
  2701 | D:3      | Noticed lukessrichardson1's ghost (amateur DsBe)
  2702 | D:3      | Noticed vineage's ghost (amateur OgFi)
  3103 | D:4      | Reached XP level 5. HP: 35/35 MP: 3/9
  3349 | D:4      | Noticed an ogre
  3354 | D:4      | Killed an ogre
  3355 | D:4      | Reached XP level 6. HP: 41/41 MP: 4/11
  3473 | D:4      | Learned a level 4 spell: Flame Wave
  3794 | D:4      | Found a blossoming altar of Fedhas.
  3941 | D:5      | Entered Level 5 of the Dungeon
  4000 | D:5      | Noticed an ice beast
  4012 | D:5      | Killed an ice beast
  4187 | D:5      | Found a sand-covered staircase.
  4195 | Ossuary  | Entered an ossuary
  4400 | Ossuary  | Reached XP level 7. HP: 46/46 MP: 9/13
  4751 | D:5      | Noticed a yak
  4752 | D:5      | Reached skill level 5 in Fire Magic
  4755 | D:5      | Noticed a yak
  4756 | D:5      | Noticed a yak
  4757 | D:5      | Noticed a yak
  4759 | D:5      | Noticed a yak
  4761 | D:5      | Noticed a yak
  4773 | D:4      | Killed a yak
  4774 | D:4      | Reached skill level 5 in Spellcasting
  4843 | D:4      | Killed a yak
  4979 | D:4      | Slain by a yak

Illustrated notes

Levels and vault maps discovered:
D:1:      saegor_arrival_under_anarchy, layout_basic, serial_shops, shop,
          chequers_ecumenical_altar_simple, minmay_tall_x
D:2:      layout_loops_ring
D:3:      layout_rooms, nicolae_gozag_seed_capital, gammafunk_ghost_cemetery,
          serial_forest, infiniplex_forest_lined_corner,
          infiniplex_forest_clump_medium, infiniplex_forest_straight_2,
          infiniplex_forest_end_2, infiniplex_forest_end_3,
          chequers_serial_rivers_marsh, minmay_misc_feat_pillars, uniq_terence
D:4:      layout_basic, mainiacjoe_overflow_alcove_2, minmay_quantized
D:5:      layout_loops_cross, nicolae_ossuary_entry_giza, reono_crystal_passage,
          minmay_misc_feat_tiny, uniq_menkaure

Skill      XL: |  1  2  3  4  5  6  7 |
---------------+----------------------+-----
Fire Magic     | 3 4 5 |  5.5
Dodging        | 2 |  2.3
Spellcasting   | 3 4 5 |  5.4
Conjurations   | 2 3 4 |  4.1
Maces & Flails | |  0.1
Stealth        | |  1.7

Action                   |  1- 3 |  4- 6 |  7- 9 || total
-------------------------+-------+-------+-------++-------
Melee: Club              |     3 |       |       ||     3
       Headbutt          |     1 |     1 |       ||     2
       Whip              |     1 |    21 |     1 ||    23
 Cast: Foxfire           |    59 |    95 |    25 ||   179
       Scorch            |    11 |    14 |    10 ||    35
  Use: Scroll            |     7 |     5 |       ||    12
       Potion            |       |     1 |       ||     1
Armor: Robe              |     5 |     7 |     1 ||    13
Dodge: Dodged            |    18 |    20 |    11 ||    49

Table legend: (Time is in decaauts)
 A = Elapsed time spent in this place.
 B = Non-inter-level travel time spent in this place.
 C = Inter-level travel time spent in this place.
 D = Time resting spent in this place.
 E = Time spent auto-exploring this place.
 F = Levels seen in this place.
 G = Mean time per level.
                   A        B        C        D        E       F      G
               +--------+--------+--------+--------+--------+-----+--------+
         Total |   4983 |   4857 |    126 |    211 |   3820 |   6 |  830.5 |
       Dungeon |   4542 |   4416 |    126 |    173 |   3516 |   5 |  908.4 |
       Ossuary |    440 |    440 |      0 |     38 |    304 |   1 |  440.0 |
               +--------+--------+--------+--------+--------+-----+--------+

Top non-repeatable levels by time:
     D:4: 1124 daAuts
     D:2: 1051 daAuts
     D:1: 1020 daAuts
     D:3: 947 daAuts
 Ossuary: 440 daAuts
     D:5: 398 daAuts
